 Dungeon Crawl Stone Soup version 0.20.0-8-g6b59dc7 (webtiles) character file.

2 RKaid the Ducker (level 1, 0/10 HPs)
             Began as a Spriggan Transmuter on May 30, 2017.
             Slain by a goblin
             ... wielding a +0 dagger
              (2 damage)
             ... on level 1 of the Dungeon.
             The game lasted 00:01:01 (245 turns).

RKaid the Ducker (Spriggan Transmuter)               Turns: 245, Time: 00:01:02

Health: 0/10       AC:  2    Str:  6    XL:     1   Next: 33%
Magic:  5/5        EV: 16    Int: 14    God:
Gold:   46         SH:  0    Dex: 16    Spells: 4/5 levels left

rFire    . . .     SeeInvis +     - Unarmed
rCold    + . .     Gourm    .   (shield restricted)
rNeg     . . .     Faith    .   h - +0 robe {rC+}
rPois    .         Spirit   .   (helmet restricted)
rElec    .         Reflect  .   (no cloak)
rCorr    .         Harm     .   (gloves unavailable)
MR       .....                  (boots unavailable)
Stlth    +.........             (no amulet)
Regen    0.1/turn               b - -2 ring of evasion (curse)
MPRegen  0.1/turn               (no ring)

@: very quick
A: unfitting armour, see invisible, herbivore 3, speed 3, slow metabolism 2
a: no special abilities


You were on level 1 of the Dungeon.
You were not hungry.

You visited 1 branch of the dungeon, and saw 1 of its levels.

You collected 46 gold pieces.

Inventory:

Hand Weapons
 f - a +0 club
   (You found it on level 1 of the Dungeon)
Missiles
 a - 12 arrows
 e - 57 stones (quivered)
Armour
 h - a +0 robe of cold resistance (worn)
   (You found it on level 1 of the Dungeon)
Jewellery
 b - a cursed -2 ring of evasion (left hand)
   (You found it on level 1 of the Dungeon)
Potions
 g - a potion of flight {unknown}
Books
 c - a book of Changes
Comestibles
 d - a bread ration


   Skills:
 + Level 1.0 Fighting
 + Level 3.2 Dodging
 - Level 2.4 Unarmed Combat
 - Level 2.6 Spellcasting
 - Level 2.6 Transmutations


You had 4 spell levels left.
You knew the following spells:

 Your Spells              Type           Power        Failure   Level  Hunger
a - Beastly Appendage     Tmut           #.....       8%          1    #......


Dungeon Overview and Level Annotations

Branches:
Dungeon (1/15)

Altars:


Innate Abilities, Weirdness & Mutations

You are very small and have problems with some larger weapons.
You are too small for most types of armour.
You have supernaturally acute eyesight. (SInv)
You are a herbivore.
You cover ground extremely quickly.
You need consume almost no food.


Message History

Press ? for a list of commands and other information.
Found 2 stones.
Found a staircase leading out of the dungeon.
You see here a stone.
e - a stone
e - 2 stones (gained 1)
You open the door.
There is an open door here.
e - 4 stones (gained 2)
e - 8 stones (gained 4)
e - 11 stones (gained 3)
e - 12 stones (gained 1)
e - 13 stones (gained 1)
e - 14 stones (gained 1)
e - 15 stones (gained 1)
e - 17 stones (gained 2)
e - 21 stones (gained 4)
e - 23 stones (gained 2)
e - 25 stones (gained 2)
e - 28 stones (gained 3)
e - 29 stones (gained 1)
e - 30 stones (gained 1)
e - 31 stones (gained 1)
e - 32 stones (gained 1)
e - 35 stones (gained 3)
e - 36 stones (gained 1)
e - 37 stones (gained 1)
e - 38 stones (gained 1) As you open the door, it creaks loudly!
There is an open door here.
You see here a leather armour.
You now have 15 gold pieces.
f - a scroll labeled GIGYSU MATSUY
e - 57 stones (gained 19)
Found an embroidered robe.
g - a fizzy black potion You see here an embroidered robe.
h - an embroidered robe Wear which item? (? for menu, Esc to quit)
You start removing your armour.
You continue taking off your +0 robe. x4
You finish taking off your +0 robe.
You start putting on your armour.
You continue putting on your embroidered robe. x5
You finish putting on your +0 robe of cold resistance.
You feel resistant to cold.
Found a stone staircase leading down.
You now have 21 gold pieces (gained 6).
Drop what? 8/52 slots (_ for help) (? for menu, Esc to quit)
You drop a +0 robe.
b - an iron ring Put on which piece of jewellery? (? for menu, Esc to quit)
Oops, that ring feels deathly cold.
b - a cursed -2 ring of evasion (left hand)
i - a scroll labeled ZIGRYIM NOAGATH
As you read the scroll labeled GIGYSU MATSUY, it crumbles to dust.
You assume a fearsome visage.
Nothing appears to happen.
It was a scroll of fear.
Blink to where?
Press: ? - help, Dir - move target cursor You are very lightly contaminated with residual magic.
As you read the scroll labeled ZIGRYIM NOAGATH, it crumbles to dust.
It was a scroll of blinking.
A goblin comes into view.
Casting: Beastly Appendage
Confirm with . or Enter, or press ? or * to list all spells.
You grow a pair of large bovine horns.
You hit the goblin. The goblin misses you.
You hit the goblin.
You kill the goblin!
You start resting.
Your transformation is almost over.
You now have 31 gold pieces (gained 10).
You now have 46 gold pieces (gained 15).
Your horns disappear.
f - a club Your magical contamination has completely faded away.
A hobgoblin comes into view. It is wielding a club.
The hobgoblin shouts!
Casting: Beastly Appendage
Confirm with . or Enter, or press ? or * to list all spells.
You grow a pair of large bovine horns.
A hobgoblin comes into view. It is wielding a club.
A goblin and a kobold come into view.
You closely miss the hobgoblin.
The kobold shouts!
The hobgoblin closely misses you.
You barely miss the hobgoblin. The hobgoblin hits you with a club.
You closely miss the hobgoblin. You headbutt the hobgoblin.
You kill the hobgoblin!
Your Fighting skill increases to level 1!
Your transformation is almost over.
You closely miss the hobgoblin.
The hobgoblin hits you but does no damage.
You closely miss the hobgoblin. The hobgoblin hits you with a club.
Ouch! That really hurt!
* * * LOW HITPOINT WARNING * * *
Your horns disappear.
The goblin shouts!
The goblin hits you with a dagger.
You die...

..#......###.# #.##..#
.#...#....##.# #.###.##
...........#.# #.# #..#
.....#.#.#.#.# #K# ##.#
....#....[...# #.# #.#
...#.........# #.# #.#
..#.....#...## #.# #.#
.#.....#....# #.# #.#
#...........####@##
#.########
................g.#
#.#......#
#####.##..........#
#........#
#####>........####'#.[...#
#...........##.##....#
#.........###...#.####
#.........###...###.##
..[####.#.###.....#...#
... #.#.###.....#...#


You could see a goblin and a kobold.

Vanquished Creatures
  A goblin (D:1)
  A hobgoblin (D:1)
2 creatures vanquished.

Notes
Turn   | Place    | Note
-------+----------+-------------------------------------------
     0 | D:1      | RKaid the Spriggan Transmuter began the quest for the Orb.
     0 | D:1      | Reached XP level 1. HP: 9/9 MP: 5/5
   190 | D:1      | Reached skill level 1 in Fighting
   197 | D:1      | HP: 2/10 [hobgoblin/club (5)]
   245 | D:1      | Slain by a goblin

Skill      XL: |  1 |
---------------+----+-----
Fighting       | 1 |  1.0
Dodging        | |  3.2
Unarmed Combat | |  2.4
Spellcasting   | |  2.6
Transmutations | |  2.6

Action                   || total
-------------------------++-------
Melee: Unarmed           ||     7
       Headbutt          ||     1
 Cast: Beastly Appendage ||     2
  Use: Scroll            ||     2
Armor: Robe              ||     1
Dodge: Dodged            ||     2

Table legend:
 A = Turns spent in this place as a percentage of turns spent in the entire game.
 B = Non-inter-level travel turns spent in this place as a percentage of non-inter-level travel turns spent in the entire game.
 C = Inter-level travel turns spent in this place as a percentage of turns spent in this place.
 D = Turns resting spent in this place as a percentage of non-inter-level travel turns spent in this place.
 E = Turns spent auto-exploring this place as a percentage of non-inter-level travel turns spent in this place.
 F = Non-inter-level travel turns spent in this place divided by the number of levels of this place that you've seen.
                   A       B       C       D       E      F
               +-------+-------+-------+-------+-------+----------------------
         Total | 100.0 | 100.0 |   0.0 |   1.6 |   4.8 | 126.0
       Dungeon | 100.0 | 100.0 |   0.0 |   1.6 |   4.8 | 126.0
               +-------+-------+-------+-------+-------+----------------------

Table legend:
 A = Kills in this place as a percentage of kills in entire the game.
 B = Kills by you in this place as a percentage of kills by you in the entire game.
 C = Kills by friends in this place as a percentage of kills by friends in the entire game.
 D = Other kills in this place as a percentage of other kills in the entire game.
 E = Experience gained in this place as a percentage of experience gained in the entire game.
 F = Experience gained in this place divided by the number of levels of this place that you have seen.
                   A       B       C       D       E      F
               +-------+-------+-------+-------+-------+----------------------
         Total | 100.0 | 100.0 |  -nan |  -nan | 100.0 |   4.0
       Dungeon | 100.0 | 100.0 |  -nan |  -nan | 100.0 |   4.0
               +-------+-------+-------+-------+-------+----------------------
